← All builds
Geo sea / Legion / Economy first / OBSERVED BUILD

Standard geo sea

Baseline cove-side sea play: bot lab then shipyard in the cove around 3:06, first Syracusia by 5:04, geothermal on time around 7:42 and an Advanced Metal Extractor to build up eco, transitioning into more Syracusia and Argonaut over the…

Usually shipyard in the cove (95%) · geo on time (89%)

#naval #eco · 19 distinct matches · 9 players · 41% of Legion Geo sea games · team won 47% of 19 · Recently observed

HOW TO PLAY IT

Key timing: First Syracusia by 5:18

  1. Take 3 mex and open into wind while starting the bot lab.
  2. Rush the bot lab finish for early defense on the coast.
  3. Get the shipyard up to start frigate production.
  4. Push the first Syracusia frigate out for sea control.
  5. Layer geothermal and advanced mex, then keep feeding the Syracusia navy.

Phase by phase

TYPICAL OF ITS 19 GAMES · AGAINST STANDARD GEO SEA
  1. 1
  2. 2
  3. 3
  4. 4
PLAY THE OPENING

Follow the example game's first 6:00 step by step: what to build now, what comes next, and where it goes. At 1× it keeps pace with your own game.

  1. 1

    Up to the Legion Bot Lab

    Economy
    • Metal Extractor3Mex
    Order
    1. Legion Bot LabLegion Bot Lab after 3 mexdone ~1:07, middle half 1:01–1:14

    Some games also: solar (47%) · wind (47%)

    The standard build makes here, this one skips: 3 wind

    By 0:50 in all: 3 mex

    The example game in this phase · 4 steps
    1. Mex ×3
    2. Wind ×2for Air
    3. Wind
    4. Legion Bot LabLegion Bot Labdone 1:06 · typical 1:07
  2. 2

    Legion Bot Lab to Shipyard

    Economy
    • Metal Extractor1Mex
    Order
    1. ShipyardShipyard after 4 mex, 3 wind, 1 solardone ~3:06, middle half 2:36–3:41
    Builders
    • Zagreus3 Zagreus
    • Legion Construction Bot3 Legion Construction Bot

    Some games also: wind (47%) · con turret (37%) · Goblin (32%) · wind for allies (32%)

    The standard build makes here, this one skips: 3 wind

    By 2:38 in all: 4 mex · 3 wind (standard 5) · 1 solar

    The example game in this phase · 16 steps
    1. ZagreusZagreus
    2. Wind ×3
    3. ToxotaiToxotai ×3
    4. Legion Construction BotLegion Construction Bot
    5. ZagreusZagreus
    6. Legion Construction BotLegion Construction Bot
    7. Con turret
    8. ZagreusZagreus
    9. Legion Construction BotLegion Construction Bot
    10. Energy storage
    11. GoblinGoblin
    12. Mex
    13. GoblinGoblin
    14. Converter ×2
    15. Con turret
    16. ShipyardShipyarddone 3:33 · typical 3:06
  3. 3

    Shipyard to 5:00

    Economy
    • Metal Extractor4Mex
    • Wind Turbine2Wind
    Builders
    • Construction Ship1 Con ship
    Army
    • Pharos1 Pharos
    • Argonaut2 Argonaut
    • Syracusia1 Syracusia

    Some games also: con turret (47%) · converter (47%) · Legion Drone (42%) · Radar Tower (42%) · Hippocampus (37%)

    The standard build makes here, this one skips: 2 converter · 2 Radar Tower

    By 5:00 in all: 8 mex · 4 wind (standard 9) · 1 solar · 1 energy storage · 1 con turret

    The example game in this phase · 15 steps
    1. Mex
    2. Converter ×2
    3. Mex
    4. HippocampusHippocampus
    5. Converter
    6. HippocampusHippocampus
    7. Mex
    8. Converter
    9. HippocampusHippocampus
    10. KeteaSubmarine
    11. Construction ShipCon ship
    12. Mex
    13. PharosPharos
    14. ArgonautArgonaut
    15. KeteaSubmarine
  4. 4

    5:00 to 10:00

    Economy
    • Metal Extractor1Mex−2 vs standard
    • Wind Turbine14Wind
    • Energy Converter3Converter+3 vs standard
    • Energy Storage1Energy storage
    Order
    1. Geothermal PowerplantGeo after 9 mex, 9 wind, 3 converter
    Builders
    • Construction Turret2 Con turret
    • Dionysus1 Dionysus
    Army
    • Pharos1 Pharos −3 vs standard
    • Legion Drone10 Legion Drone

    Some games also: con ship (42%) · Hippocampus (32%)

    The standard build makes here, this one skips: 2 Bramble

    By 10:00 in all: 9 mex · 18 wind · 1 solar · 1 geo · 5 converter · 1 energy storage

    The example game in this phase · 57 steps
    1. Naval Radar / Sonar TowerNaval Radar / Sonar Tower
    2. PharosPharos
    3. DionysusDionysus
    4. Wind
    5. PharosPharos
    6. Geothermal PowerplantGeodone 8:49 · typical 7:42
    7. Wind ×2
    8. SyracusiaSyracusianot finished by 15:00 · typical 5:04
    9. Wind
    10. HippocampusHippocampus ×4
    11. Wind
    12. HippocampusHippocampus
    13. SyracusiaSyracusia
    14. Con turret
    15. Wind ×2
    16. SyracusiaSyracusia ×3
    17. Con turret
    18. Wind
    19. ArgonautArgonaut ×5
    20. Wind
    21. ArgonautArgonaut ×2
    22. Advanced Metal ExtractorT2 mexdone 9:21
    23. ArgonautArgonaut ×2
    24. Wind
    25. ArgonautArgonaut ×2
    26. EuryaleEuryale
    27. ArgonautArgonaut
    28. Wind
    29. Con turret
    30. Advanced Metal ExtractorT2 mex
    31. Wind ×2
    32. Advanced Metal ExtractorT2 mex
    33. Wind
    34. PharosPharos
    35. Wind ×2
    36. Con turret
    37. Advanced Metal ExtractorT2 mex
    38. Wind
    39. Con turret
    40. Advanced Metal ExtractorT2 mex
    41. Con turret
    42. Advanced Metal ExtractorT2 mex
    43. Con turret ×2
    44. Energy storage
    45. ShipyardShipyarddone 13:48
    46. Con turret
    47. SyracusiaSyracusia
    48. Radar TowerRadar Tower
    49. Con turret
    50. Legion DroneLegion Drone
    51. SyracusiaSyracusia
    52. PharosPharos ×3
    53. Legion DroneLegion Drone
    54. PharosPharos ×2
    55. Legion DroneLegion Drone ×2
    56. Hovercraft PlatformHovercraft Platformnot finished by 15:00
    57. Legion DroneLegion Drone

Counts are medians over the build's games: half of them build more, half fewer. The example game is Lexosis's (36 OS, 24/09/2026); pick another.

Team trades

IN AT LEAST 30% OF ITS GAMES

You hand over

  • Wind Turbine2 Wind to Airfirst at 1:41 · in 58% of games

You get

  • Finch1 Finch from Airfirst at 1:47 · in 47% of games
  • Hercules1 Light transport from Airfirst at 2:10 · in 32% of games
  • Advanced Construction Bot1 T2 con bot from Techfirst at 7:32 · in 74% of games

How it plays out

Typical game of this build, running totals by minute

Metal produced

010k20k30k
0:005:0010:0015:00

metal

Enemy metal destroyed

05k10k
0:005:0010:0015:00

metal

Own metal lost

02k4k
0:005:0010:0015:00

metal

19 games.

Show as table
ByMetal produced: This buildEnemy metal destroyed: This buildOwn metal lost: This build
1:0039600
2:0092900
3:00162700
4:0028655251
5:00401419052
6:005343590118
7:006793615170
8:0082631382320
9:00102921700417
10:00122392261780
11:001491332351531
12:001794336352165
13:002024852952311
14:002356863333554
15:002793789533703
WHAT THE NUMBERS SAY

Standard geo sea sits near an even split on wins while destroying more metal than it loses by 15:00, typical for a contested sea role.

  • + Enemy metal destroyed reaches 7775 by 15:00 against 4863 lost.
  • + Syracusia dominates army composition at 43%, showing a clear naval focus.
  • − Team win rate is only 47%, essentially a coin flip.
  • − T2 factory only completes in 32% of games, so tech transition often stalls.
THE EXAMPLE YOU ARE READING

Lexosis

36.0 OS · 24/09/2026

Open source match ↗

8 received units · includes a constructor
237 metal received · 86830 energy received

Allied construction assistance is unknown. Timings are observations, not a promise of solo reproducibility.

Typical milestones

Legion Bot Lab1:07Middle 50%: 1:01–1:14 · n=19
Shipyard3:06Middle 50%: 2:36–3:41 · n=19
Syracusia5:04Middle 50%: 4:33–5:48 · n=19
Geothermal Powerplant7:42Middle 50%: 6:57–9:56 · n=19
Advanced Metal Extractor9:11Middle 50%: 8:42–9:28 · n=13

Played most by

KingBenjai8games of this buildHighlyRegarded2games of this buildPRO_Rerory2games of this buildRysica2games of this buildarmjanus1game of this build